3A
IDAHO FALLS CHUKARS @ GRIM REAPERS
08/31/2038
 
TOP OF THE 1ST
Idaho Falls Chukars batting - Pitching for Grim Reapers : RHP Bill Tennant
Pitching: RHP Bill Tennant
Batting: LHB Josh Wiggins 0-0: Called Strike
0-1: Swinging Strike
0-2: Strikes out looking
Batting: LHB Doyle Berkey 0-0: Called Strike
0-1: Ball
1-1: Foul Ball, location: 2F
1-2: Ball
2-2: Fly out, F2 (Popup, 23F, EV 88.1 MPH)
Batting: LHB Antoine Studdard 0-0: Foul Ball, location: 2F
0-1: Swinging Strike
0-2: Ball
1-2: Ball
2-2: Foul Ball, location: 2F
2-2: Strikes out swinging
Top of the 1st over - 0 runs, 0 hits, 0 errors, 0 left on base; Idaho Falls 0 - Grim 0
BOTTOM OF THE 1ST
Grim Reapers batting - Pitching for Idaho Falls Chukars : RHP Frank Wilson
Pitching: RHP Frank Wilson
Batting: LHB Lorenzo Ortíz 0-0: Ball
1-0: Ground out 6-3 (Groundball, 56, EV 105.6 MPH)
Batting: SHB Leonard Davis 0-0: Ball
1-0: SINGLE (Groundball, 2L, EV 69.4 MPH) (infield hit)
Batting: RHB Lonnie Doble 0-0: Ball
1-0: Ball
2-0: Ball
Leonard Davis steals 2nd base
3-0: Base on Balls
Batting: SHB Fernando Urby 0-0: Ball
1-0: Swinging Strike
1-1: Ball
2-1: Swinging Strike
2-2: Ball
3-2: Strikes out swinging
Batting: LHB Lonnie Baker 0-0: Foul Ball, location: 2F
0-1: Foul Ball, location: 2F
0-2: Ball
1-2: Ball
2-2: SINGLE (Line Drive, 78S, EV 106.2 MPH)
Leonard Davis to third
Lonnie Doble to second
Runner from 3rd tries for Home, SAFE, throw by LF to home
Batting: RHB Hayes Rutherford 0-0: Ball
1-0: Ball
2-0: SINGLE (Groundball, 6, EV 78.8 MPH) (infield hit)
Lonnie Doble to third
Lonnie Baker to second
Batting: RHB Alfred Coleman 0-0: Ball
1-0: Called Strike
1-1: Fly out, F9 (Flyball, 89S, EV 85.6 MPH)
Bottom of the 1st over - 1 run, 3 hits, 0 errors, 3 left on base; Idaho Falls 0 - Grim 1
TOP OF THE 2ND
Idaho Falls Chukars batting - Pitching for Grim Reapers : RHP Bill Tennant
Batting: SHB Koryusai Ohayashi 0-0: Ball
1-0: Called Strike
1-1: Foul Ball, location: 2F
1-2: Ball
2-2: Foul Ball, location: 2F
2-2: Ball
3-2: Fly out, F8 (Line Drive, 8LM, EV 96.2 MPH)
Batting: RHB Vinnie Nuyten 0-0: Ball
1-0: Ball
2-0: DOUBLE (Line Drive, 9LS, EV 95.0 MPH)
Batting: LHB Ronald Lithgoe 0-0: Ball
1-0: Ball
2-0: Foul Ball, location: 2F
2-1: Ball
3-1: Foul Ball, location: 2F
3-2: Strikes out looking
Batting: RHB César Vélez 0-0: SINGLE (Groundball, 34D, EV 98.8 MPH)
Vinnie Nuyten to third
Runner from 3rd tries for Home, SAFE, throw by RF to home
Batting: SHB Joe Middleton 0-0: Foul Ball, location: 2F
0-1: Foul Ball, location: 2F
0-2: SINGLE (Groundball, 4MD, EV 108.1 MPH)
César Vélez to second
Batting: RHB Kazuki Takahashi 0-0: Called Strike
0-1: Ball
1-1: 3-RUN HOME RUN (Flyball, 7D, EV 96.9 MPH), Distance : 384 ft
Batting: LHB Josh Wiggins 0-0: Swinging Strike
0-1: Foul Ball, location: 2F
0-2: Ball
1-2: Foul Ball, location: 2F
1-2: Strikes out looking
Top of the 2nd over - 4 runs, 4 hits, 0 errors, 0 left on base; Idaho Falls 4 - Grim 1
BOTTOM OF THE 2ND
Grim Reapers batting - Pitching for Idaho Falls Chukars : RHP Frank Wilson
Batting: RHB Chi-eun Mun 0-0: Called Strike
0-1: Ball
1-1: Called Strike
1-2: Strikes out swinging
Batting: RHB Gerardo Días 0-0: Foul Ball, location: 2F
0-1: Ball
1-1: Swinging Strike
1-2: Strikes out looking
Batting: LHB Lorenzo Ortíz 0-0: SOLO HOME RUN (Line Drive, 9D, EV 95.6 MPH), Distance : 377 ft
Batting: SHB Leonard Davis 0-0: Foul Ball, location: 2F
0-1: Ball
1-1: Ball
2-1: Ball
3-1: Foul Ball, location: 2F
3-2: SINGLE (Groundball, 25, EV 76.9 MPH) (infield hit)
Batting: RHB Lonnie Doble 0-0: Foul Ball, location: 2F
0-1: SINGLE (Groundball, 56D, EV 94.4 MPH)
Leonard Davis to second
Batting: SHB Fernando Urby 0-0: Foul Ball, location: 2F
0-1: Ball
1-1: Ball
2-1: Ground out U3 (Groundball, 3, EV 101.2 MPH)
Bottom of the 2nd over - 1 run, 3 hits, 0 errors, 2 left on base; Idaho Falls 4 - Grim 2
TOP OF THE 3RD
Idaho Falls Chukars batting - Pitching for Grim Reapers : RHP Bill Tennant
Batting: LHB Doyle Berkey 0-0: Ball
1-0: Foul Ball, location: 2F
1-1: Ball
2-1: SINGLE (Flyball, 7LM, EV 91.9 MPH)
Batting: LHB Antoine Studdard 0-0: Ball
1-0: Ball
2-0: Foul Ball, location: 2F
2-1: Foul Ball, location: 2F
2-2: Strikes out looking
Batting: SHB Koryusai Ohayashi 0-0: Ball
1-0: Ball
2-0: Ground out 5-3 (Groundball, 56S, EV 76.9 MPH)
Doyle Berkey to second
Batting: RHB Vinnie Nuyten 0-0: Called Strike
0-1: SINGLE (Groundball, 6, EV 83.8 MPH) (infield hit)
Doyle Berkey to third
Batting: LHB Ronald Lithgoe 0-0: Ball
1-0: Called Strike
1-1: Ball
2-1: Ball
3-1: Fly out, F7 (Flyball, 7LSF, EV 93.8 MPH)
Top of the 3rd over - 0 runs, 2 hits, 0 errors, 2 left on base; Idaho Falls 4 - Grim 2
BOTTOM OF THE 3RD
Grim Reapers batting - Pitching for Idaho Falls Chukars : RHP Frank Wilson
Batting: LHB Lonnie Baker 0-0: Ball
1-0: Foul Ball, location: 2F
1-1: Ball
2-1: Foul Ball, location: 2F
2-2: Strikes out swinging
Batting: RHB Hayes Rutherford 0-0: Ball
1-0: Foul Ball, location: 2F
1-1: Ball
2-1: Ground out 4-3 (Groundball, 34, EV 83.8 MPH)
Batting: RHB Alfred Coleman 0-0: Called Strike
0-1: SINGLE (Line Drive, 3D, EV 98.1 MPH)
Batting: RHB Chi-eun Mun 0-0: Ball
1-0: Foul Ball, location: 2F
1-1: Ball
2-1: Swinging Strike
2-2: SINGLE (Line Drive, 89M, EV 106.9 MPH)
Alfred Coleman to second
Batting: RHB Gerardo Días 0-0: Ball
1-0: Swinging Strike
1-1: Called Strike
1-2: Strikes out looking
Bottom of the 3rd over - 0 runs, 2 hits, 0 errors, 2 left on base; Idaho Falls 4 - Grim 2
TOP OF THE 4TH
Idaho Falls Chukars batting - Pitching for Grim Reapers : RHP Bill Tennant
Batting: RHB César Vélez 0-0: Ball
1-0: Fly out, F9 (Flyball, 9, EV 80.0 MPH)
Batting: SHB Joe Middleton 0-0: Ball
1-0: Ball
2-0: Ball
3-0: Base on Balls
Batting: RHB Kazuki Takahashi 0-0: Called Strike
0-1: Called Strike
0-2: Strikes out swinging
Batting: LHB Josh Wiggins 0-0: Called Strike
0-1: Ball
1-1: Swinging Strike
1-2: Ball
2-2: Strikes out swinging
Top of the 4th over - 0 runs, 0 hits, 0 errors, 1 left on base; Idaho Falls 4 - Grim 2
BOTTOM OF THE 4TH
Grim Reapers batting - Pitching for Idaho Falls Chukars : RHP Frank Wilson
Batting: LHB Lorenzo Ortíz 0-0: Bunted foul
0-1: Foul Ball, location: 2F
0-2: Ball
1-2: Foul Ball, location: 2F
1-2: SINGLE (Line Drive, 56, EV 106.9 MPH)
Batting: SHB Leonard Davis 0-0: Called Strike
0-1: Ball
1-1: Foul Ball, location: 2F
1-2: Ball
2-2: DOUBLE (Line Drive, 89M, EV 100.6 MPH)
Lorenzo Ortíz to third
Batting: RHB Lonnie Doble 0-0: Ball
Wild Pitch!
Lorenzo Ortíz scores
Leonard Davis to third
1-0: Swinging Strike
1-1: Foul Ball, location: 2F
1-2: Ball
2-2: Ball
3-2: Foul Ball, location: 2F
3-2: Base on Balls
Batting: SHB Fernando Urby 0-0: Called Strike
0-1: Ball
1-1: Swinging Strike
1-2: Ball
2-2: Fly out, F7 (Flyball, 7LS, EV 95.0 MPH)
Batting: LHB Lonnie Baker 0-0: Ball
1-0: Called Strike
1-1: Ball
2-1: Called Strike
2-2: Fly out, F8 (Flyball, 8LD, EV 88.8 MPH)
Runner from 3rd tags up, SCORES, no throw by CF
Batting: RHB Hayes Rutherford 0-0: Foul Ball, location: 2F
0-1: Ball
1-1: Swinging Strike
1-2: Ball
2-2: Fielders Choice at 2nd, 6-4 (Groundball, 6, EV 79.4 MPH)
Bottom of the 4th over - 2 runs, 2 hits, 0 errors, 1 left on base; Idaho Falls 4 - Grim 4
TOP OF THE 5TH
Idaho Falls Chukars batting - Pitching for Grim Reapers : RHP Bill Tennant
Batting: LHB Doyle Berkey 0-0: Swinging Strike
0-1: Fly out, F8 (Flyball, 8RS, EV 93.8 MPH)
Batting: LHB Antoine Studdard 0-0: DOUBLE (Flyball, 8RXD, EV 95.0 MPH)
Batting: SHB Koryusai Ohayashi 0-0: Called Strike
0-1: Foul Ball, location: 2F
0-2: Ball
Wild Pitch!
Antoine Studdard to third
1-2: SINGLE (Groundball, 34, EV 97.5 MPH)
Antoine Studdard scores
Pitching: RHP Jyotibhasin Kodi
Batting: RHB Vinnie Nuyten 0-0: Called Strike
0-1: Swinging Strike
0-2: Ball
1-2: Strikes out swinging
Batting: LHB Ronald Lithgoe 0-0: Ball
Wild Pitch!
Koryusai Ohayashi to second
1-0: Ball
2-0: Ground out U3 (Groundball, 3L, EV 106.2 MPH)
Top of the 5th over - 1 run, 2 hits, 0 errors, 1 left on base; Idaho Falls 5 - Grim 4
BOTTOM OF THE 5TH
Grim Reapers batting - Pitching for Idaho Falls Chukars : RHP Frank Wilson
Batting: RHB Alfred Coleman 0-0: Called Strike
0-1: Swinging Strike
0-2: Ball
1-2: Fly out, F9 (Flyball, 9, EV 82.5 MPH)
Batting: RHB Chi-eun Mun 0-0: Foul Ball, location: 2F
0-1: Ground out 6-3 (Groundball, 6, EV 85.6 MPH)
Batting: RHB Gerardo Días 0-0: Foul Ball, location: 2F
0-1: Fly out, F8 (Line Drive, 8RD, EV 95.0 MPH)
Bottom of the 5th over - 0 runs, 0 hits, 0 errors, 0 left on base; Idaho Falls 5 - Grim 4
TOP OF THE 6TH
Idaho Falls Chukars batting - Pitching for Grim Reapers : RHP Jyotibhasin Kodi
Batting: RHB César Vélez 0-0: Called Strike
0-1: Ball
1-1: Called Strike
1-2: Strikes out looking
Batting: SHB Joe Middleton 0-0: Swinging Strike
0-1: Called Strike
0-2: Strikes out swinging, 2-3 out at first.
Batting: RHB Kazuki Takahashi 0-0: Ball
1-0: Called Strike
1-1: Swinging Strike
1-2: Ball
2-2: Strikes out swinging
Top of the 6th over - 0 runs, 0 hits, 0 errors, 0 left on base; Idaho Falls 5 - Grim 4
BOTTOM OF THE 6TH
Grim Reapers batting - Pitching for Idaho Falls Chukars : RHP Frank Wilson
Batting: LHB Lorenzo Ortíz 0-0: Foul Ball, location: 2F
0-1: Ball
1-1: Ball
2-1: Called Strike
2-2: Ball
3-2: Ground out 4-3 (Groundball, 4, EV 80.0 MPH)
Batting: SHB Leonard Davis 0-0: Foul Ball, location: 2F
0-1: SINGLE (Line Drive, 34, EV 94.4 MPH)
Batting: RHB Lonnie Doble 0-0: Ball
1-0: Ball
2-0: Called Strike
2-1: Ball
3-1: Swinging Strike
3-2: Fly out, F3 (Popup, 3S, EV 75.0 MPH)
Batting: SHB Fernando Urby 0-0: Called Strike
0-1: Ball
Leonard Davis steals 2nd base
1-1: Fly out, F9 (Flyball, 9S, EV 81.9 MPH)
Bottom of the 6th over - 0 runs, 1 hit, 0 errors, 1 left on base; Idaho Falls 5 - Grim 4
TOP OF THE 7TH
Idaho Falls Chukars batting - Pitching for Grim Reapers : RHP Jyotibhasin Kodi
Batting: LHB Josh Wiggins 0-0: Called Strike
0-1: Ball
1-1: Swinging Strike
1-2: Ball
2-2: Strikes out looking
Batting: LHB Doyle Berkey 0-0: Ball
1-0: Ball
2-0: SINGLE (Line Drive, 8LS, EV 92.5 MPH)
Batting: LHB Antoine Studdard 0-0: Ball
1-0: Fielders Choice at 2nd, 6-4 (Groundball, 6, EV 103.1 MPH)
Batting: SHB Koryusai Ohayashi 0-0: Ball
1-0: Ball
2-0: Ball
3-0: Base on Balls
Antoine Studdard to second
Batting: RHB Vinnie Nuyten 0-0: Ball
1-0: Foul Ball, location: 2F
1-1: Foul Ball, location: 2F
1-2: Strikes out swinging
Top of the 7th over - 0 runs, 1 hit, 0 errors, 2 left on base; Idaho Falls 5 - Grim 4
BOTTOM OF THE 7TH
Grim Reapers batting - Pitching for Idaho Falls Chukars : RHP Frank Wilson
Batting: LHB Lonnie Baker 0-0: Called Strike
0-1: Ball
1-1: Ball
2-1: Ball
3-1: Foul Ball, location: 2F
3-2: Fly out, F9 (Flyball, 9, EV 77.5 MPH)
Batting: RHB Hayes Rutherford 0-0: SINGLE (Groundball, 4MD, EV 95.6 MPH)
Batting: RHB Alfred Coleman 0-0: Ball
1-0: Ball
2-0: Called Strike
2-1: Foul Ball, location: 2F
2-2: Ground out 6-3 (Groundball, 6MS, EV 85.0 MPH)
Hayes Rutherford to second
Batting: RHB Chi-eun Mun 0-0: Ball
1-0: Ball
2-0: Ball
3-0: Foul Ball, location: 2F
3-1: Foul Ball, location: 2F
3-2: Ground out 4-3 (Groundball, 4S, EV 91.9 MPH)
Bottom of the 7th over - 0 runs, 1 hit, 0 errors, 1 left on base; Idaho Falls 5 - Grim 4
TOP OF THE 8TH
Idaho Falls Chukars batting - Pitching for Grim Reapers : RHP Jyotibhasin Kodi
Batting: LHB Ronald Lithgoe 0-0: Ball
1-0: Ball
2-0: Called Strike
2-1: Fly out, F9 (Flyball, 9D, EV 94.4 MPH)
Batting: RHB César Vélez 0-0: Ball
1-0: Ball
2-0: Ball
3-0: Called Strike
3-1: Base on Balls
Pitching: RHP Alex O'Dell
Batting: SHB Joe Middleton 0-0: Ball
1-0: Fly out, F7 (Flyball, 7S, EV 90.0 MPH)
Batting: RHB Kazuki Takahashi 0-0: Called Strike
0-1: Ball
1-1: Fly out, F3 (Popup, 3S, EV 88.1 MPH)
Top of the 8th over - 0 runs, 0 hits, 0 errors, 1 left on base; Idaho Falls 5 - Grim 4
BOTTOM OF THE 8TH
Grim Reapers batting - Pitching for Idaho Falls Chukars : RHP Frank Wilson
Now at 1B: Jon Walker
Now in CF: Lucky Foote
Batting: RHB Gerardo Días 0-0: Ball
1-0: Ball
2-0: Ball
3-0: Base on Balls
Batting: LHB Lorenzo Ortíz 0-0: Ball
1-0: Bunted foul
1-1: Ball
2-1: Sac Bunt to 23 - play at first, batter OUT! 3-4
Gerardo Días to second
Batting: SHB Leonard Davis 0-0: Ball
1-0: Called Strike
1-1: Ball
2-1: Foul Ball, location: 2F
2-2: Fly out, F8 (Flyball, 8RD, EV 83.1 MPH)
Batting: RHB Lonnie Doble 0-0: Ball
1-0: Ball
2-0: Fly out, F8 (Flyball, 8RD, EV 104.4 MPH)
Bottom of the 8th over - 0 runs, 0 hits, 0 errors, 1 left on base; Idaho Falls 5 - Grim 4
TOP OF THE 9TH
Idaho Falls Chukars batting - Pitching for Grim Reapers : RHP Alex O'Dell
Batting: LHB Josh Wiggins 0-0: Called Strike
0-1: Foul Ball, location: 2F
0-2: Ball
1-2: Ball
2-2: Strikes out swinging
Batting: LHB Doyle Berkey 0-0: Foul Ball, location: 2F
0-1: Fly out, F9 (Flyball, 9LMF, EV 76.9 MPH)
Batting: LHB Antoine Studdard 0-0: Ball
1-0: Called Strike
1-1: Ball
2-1: Called Strike
2-2: Foul Ball, location: 2F
2-2: Foul Ball, location: 2F
2-2: Hit by Pitch
Batting: RHB Jon Walker 0-0: Ball
Antoine Studdard steals 2nd base
1-0: Ball
2-0: Swinging Strike
2-1: Swinging Strike
2-2: Ball
Passed Ball!
Antoine Studdard to third
3-2: SINGLE (Flyball, 7LS, EV 85.6 MPH)
Antoine Studdard scores
Batting: RHB Vinnie Nuyten 0-0: Called Strike
0-1: Ball
1-1: Ball
2-1: Hit by Pitch
Jon Walker to second
Batting: LHB Ronald Lithgoe 0-0: Hit by Pitch
Jon Walker to third
Vinnie Nuyten to second
Batting: RHB César Vélez 0-0: Ball
1-0: Called Strike
1-1: Called Strike
1-2: Strikes out swinging
Top of the 9th over - 1 run, 1 hit, 0 errors, 3 left on base; Idaho Falls 6 - Grim 4
BOTTOM OF THE 9TH
Grim Reapers batting - Pitching for Idaho Falls Chukars : RHP Frank Wilson
Pitching: RHP Gene Kendall
Batting: SHB Fernando Urby 0-0: Swinging Strike
0-1: Ball
1-1: Foul Ball, location: 2F
1-2: Ball
2-2: Ball
3-2: Base on Balls
Batting: LHB Lonnie Baker 0-0: Ball
1-0: Called Strike
1-1: Fly out, F2 (Popup, 25F, EV 88.1 MPH)
Batting: RHB Hayes Rutherford 0-0: Ball
1-0: Called Strike
1-1: Foul Ball, location: 2F
1-2: Ball
2-2: Grounds into double play, 6-4-3 (Groundball, 6, EV 105.6 MPH)
Bottom of the 9th over - 0 runs, 0 hits, 0 errors, 0 left on base; Idaho Falls 6 - Grim 4
Friday, April 17th, 2020 - OOTP Baseball 20.8 Build 74